Map: Backwater LE

Players

Scarlett

  • Race: Zerg Zerg
  • League: Master
  • Spawn Location: 11:00

Solar - Winner!

  • Race: Zerg Zerg
  • League: Master
  • Spawn Location: 5:00

Event: Memes & Dreams Invitational

VOD

Have the link to the VOD?

Description

Time

  • Played on: April 15, 2018, 12:45 a.m.
  • Length: 5:28

All games in this series

Show
View Real Time Build Order
Export as new Build Order

Scarlett Zerg 

Build Orders: Hatch First 

Get SALT Encoding   

  12  0:00  Drone  
  13  0:12  Overlord  
  13  0:16  Drone  
  14  0:30  Drone x2  
  16  0:47  Hatchery  
  15  0:51  Drone  
  15  0:55  Drone  
  17  1:09  Spawning Pool  
  16  1:11  Drone  
  16  1:15  Drone  
  18  1:18  Drone  
  19  1:28  Drone  
  20  1:45  Hatchery  
  19  1:56  Queen  
  19  1:58  Spine Crawler  
  19  2:00  Zergling x4  
  25  2:01  Zergling x2  
  25  2:08  Spine Crawler  
  25  2:10  Zergling x2  
  25  2:13  Zergling x2  
  27  2:33  Hatchery  
  26  2:43  Hatchery  
  25  2:46  Overlord  
  25  2:50  Extractor  
  24  2:54  Overlord  
  24  3:10  Drone x4  
  25  3:13  Drone  
  25  3:18  Drone  
  27  3:24  Queen  
  29  3:32  Spine Crawler  
  28  3:44  Queen  
  28  3:48  Drone x2  
  32  3:56  Drone x3  
  32  3:59  Drone  
  32  4:00  Drone  
  32  4:02  Metabolic Boost  
  38  4:06  Drone  
  38  4:09  Drone  
  40  4:14  Overlord  
  40  4:15  Drone  
  41  4:19  Drone x2  
  42  4:33  Drone  
  42  4:34  Drone x3, Roach Warren  
  42  4:36  Extractor, Overlord  
  44  4:42  Zergling x6  
  47  4:49  Overlord  
  47  4:52  Overlord  
  47  4:57  Drone  
  47  4:59  Overlord x2  
  48  5:09  Zergling x2  
  48  5:10  Zergling x12  
Show
View Real Time Build Order
Export as new Build Order

Solar Zerg - Winner!

Build Orders: Pool First 

Get SALT Encoding   

  12  0:17  Spawning Pool  
  11  0:21  Drone  
  11  0:26  Drone  
  13  0:31  Drone  
  14  0:39  Overlord  
  15  1:04  Zergling x6  
  17  1:15  Zergling x2  
  17  1:18  Hatchery  
  17  1:26  Zergling x2  
  18  1:37  Zergling x2  
  18  1:39  Queen  
  21  1:49  Overlord  
  21  2:00  Drone  
  22  2:10  Drone  
  22  2:14  Queen  
  25  2:21  Drone  
  24  2:30  Queen  
  24  2:31  Drone x2  
  27  2:41  Extractor  
  27  2:42  Drone x2  
  28  2:47  Zergling x2  
  28  2:49  Drone x2  
  31  2:53  Zergling x2  
  32  2:59  Overlord  
  32  3:03  Drone  
  33  3:06  Drone  
  33  3:14  Drone  
  33  3:17  Drone  
  35  3:23  Drone x3  
  35  3:25  Overlord  
  38  3:32  Drone  
  39  3:41  Metabolic Boost  
  39  3:42  Drone x4  
  39  3:45  Drone  
  44  3:58  Hatchery  
  43  4:05  Zergling x2  
  43  4:06  Zergling x6  
  43  4:08  Overlord  
  47  4:14  Zergling x6  
  47  4:16  Zergling x2  
  51  4:21  Zergling x2  
  52  4:25  Evolution Chamber  
  52  4:27  Overlord  
  51  4:34  Zergling x10  
  56  4:39  Zergling x6  
  56  4:41  Zergling x2  
  59  4:46  Zergling x2  
  59  4:49  Overlord  
  60  4:53  Drone  
  63  5:00  Drone x2  
  63  5:09  Drone  
  63  5:10  Drone  
  63  5:11  Drone, Roach Warren  
  63  5:12  Drone x2  
  67  5:15  Drone  
Tags
 
Add a new tag
Caveats
  • Supply blocks, unpowered buildings, or Contaminate may cause inaccurate times.
  • Supply counts are checked every 10 seconds.